Cogmind - Beta 15 @@@ ROGUE MODE // 2025.08.21 @ 15:29:22 Player: Reflectatory Result: Destroyed by S-43 Plague with Heavy Machine Gun Performance ------------- Evolutions (7) 3500 Regions Visited (10) 2000 Robots Destroyed (9) 45 Value Destroyed (213) 213 Prototype IDs (1) 20 Alien Tech Used (0) 0 Bonus (500) 500 TOTAL SCORE: 6278 Bonus ------- Entered DSFs 500 Cogmind --------- Core Integrity 0/1300 Matter 237/300 Energy 98/100 System Corruption 18% Temperature Cool (0) Movement Core (50) Location -3/Research Parts ------- > --- POWER (2) -------- (None) > --- PROPULSION (8) --- (None) > --- UTILITY (9) ------ Advanced Signal Interpreter > --- WEAPON (2) ------- (None) > --- INVENTORY (5) ---- Advanced Power Amplifier Improved Cooling System Improved Terrain Scan Processor Ion Cannon Peak State ------------ > --- POWER ------------ (None) > --- PROPULSION ------- Gyrokinetic Inverter Gyrokinetic Inverter Gyrokinetic Inverter Nuclear Pulse Thruster Nuclear Pulse Thruster Field Propulsion Drive Field Propulsion Drive > --- UTILITY ---------- Triangulator Improved Terrain Scanner Improved Terrain Scan Processor Hacking Suite Improved Hacking Suite System Shield > --- WEAPON ----------- (None) > --- INVENTORY -------- Improved Cooling System Improved Terrain Scanner Improved Terrain Scan Processor Ion Cannon [Rating: 63] Favorites ----------- Power Light Ion Engine Engine Light Ion Engine Propulsion Nuclear Pulse Thruster Wheel Compact Wheel Hover Unit Gyrokinetic Inverter Flight Unit Nuclear Pulse Thruster Utility Improved Terrain Scan Processor Device Improved Terrain Scanner Processor Improved Terrain Scan Processor Hackware System Shield Weapon Improved Remote Datajack Energy Cannon Light EM Pulse Cannon Ballistic Cannon Improved Light Cannon Launcher Grenade Launcher Special Weapon Improved Remote Datajack Special Melee Weapon Datajack Build | -11 -10 -9 -9 -8 -7 -6 -5 -4 -4 -3 ------- Run | Yrd Mat Mat Min Mat Fac Fac Fac Fac DSF Res Slots Evolved 14 | . . 2 . 2 2 2 2 2 . 2 Power 1 | . . . . . 1 . . . . . Propulsion 6 | . . 1 . 1 . 1 1 1 . 1 Utility 7 | . . 1 . 1 1 1 1 1 . 1 Weapon . | . . . . . . . . . . . Parts Attached 41 | 3 6 1 1 3 5 10 5 2 3 2 Power 3 | 1 1 . . . 1 . . . . . Engine 3 | 1 1 . . . 1 . . . . . Core . | . . . . . . . . . . . Reactor . | . . . . . . . . . . . Propulsion 16 | 2 1 . . 2 1 3 4 2 1 . Treads . | . . . . . . . . . . . Leg . | . . . . . . . . . . . Wheel 2 | 2 . . . . . . . . . . Hover 5 | . . . . 2 . . 3 . . . Flight 9 | . 1 . . . 1 3 1 2 1 . Utility 15 | . 2 1 . 1 2 6 . . 1 2 Device 7 | . 1 1 . . 1 3 . . . 1 Storage . | . . . . . . . . . . . Processor 3 | . 1 . . . 1 . . . . 1 Hackware 5 | . . . . 1 . 3 . . 1 . Protection . | . . . . . . . . . . . Artifact . | . . . . . . . . . . . Weapon 7 | . 2 . 1 . 1 1 1 . 1 . Energy Gun . | . . . . . . . . . . . Energy Cannon 3 | . . . . . 1 1 1 . . . Ballistic Gun . | . . . . . . . . . . . Ballistic Cannon 1 | . . . 1 . . . . . . . Launcher 1 | . 1 . . . . . . . . . Special Weapon 1 | . . . . . . . . . 1 . Impact Weapon . | . . . . . . . . . . . Slashing Weapon . | . . . . . . . . . . . Piercing Weapon . | . . . . . . . . . . . Special Melee Weapon 1 | . 1 . . . . . . . . . Unidentified Prototypes 1 | . . . . 1 . . . . . . Parts Lost 33 | . 1 1 . 6 3 4 . . 8 10 Power 2 | . . . . 2 . . . . . . Propulsion 13 | . . . . 2 1 2 . . 6 2 Utility 13 | . . . . 2 . 2 . . 2 7 Weapon 5 | . 1 1 . . 2 . . . . 1 Highest Loss Streak 9 | . 1 1 . 6 3 3 . . 8 9 To Critical Strikes 1 | . . . . . . . . . . 1 Average Backups 4 | . 1 3 4 4 4 4 4 4 4 3 Power . | . . 2 2 1 . . . . . . Propulsion . | . . . . . . . . . . . Utility 2 | . . . 1 1 2 3 3 3 2 2 Weapon 1 | . . . 1 2 1 1 1 1 1 1 Tool/Special . | . . . . . . . . . . . Unused Backups 3 | . . . . . . . . . . 3 Power . | . . . . . . . . . . . Propulsion . | . . . . . . . . . . . Utility 3 | . . . . . . . . . . 3 Weapon . | . . . . . . . . . . . Tool/Special . | . . . . . . . . . . . Average Slot Usage (%) 41 | . 66 51 45 50 34 32 53 68 49 28 Hover 3 | . . . . 7 5 . 5 12 6 2 Flight 7 | . 5 11 11 9 . 6 12 23 11 2 Device 11 | . 8 18 22 18 13 11 11 10 10 5 Processor 6 | . 9 11 11 9 7 6 5 5 5 3 Hackware 7 | . . . . 1 . 6 17 15 14 9 Peak Build Rating 63 | 3 8 8 9 15 17 35 57 63 63 42 Average Rating 23 | 2 5 7 7 11 14 16 40 62 40 28 On Entrance 21 | . 3 5 7 7 9 12 33 57 63 42 Naked Turns 34 | . . . . . . . . . . 34 Heaviest Build 10 | 3 8 3 2 5 6 10 2 2 6 6 Greatest Support 22 | 10 10 4 4 16 8 22 22 13 7 11 Greatest Overweight (x) 2 | . . . . . . 2 . . . 1 Average Overweight (x) . | . . . . . . . . . . . Largest Inventory Capacity 5 | 5 5 5 5 5 5 5 5 5 5 5 Average Capacity 5 | 5 5 5 5 5 5 5 5 5 5 5 Most Carried 5 | 2 4 5 5 5 5 5 5 5 5 5 Average Carried 4 | . 1 3 4 4 4 4 4 4 4 3 Final Capacity 5 | 5 5 5 5 5 5 5 5 5 5 5 Final Carried 5 | . 4 3 5 3 4 4 5 5 3 4 Class Distribution -------------------- 50% | Mutant 38% | Hacker-Mutant 11% | Scout Dominant Class ---------------- Mutant | -10/Materials Scout | -9/Materials Scout | -9/Mines Scout | -8/Materials Mutant | -7/Factory Mutant | -6/Factory Hacker-Mutant | -5/Factory Hacker-Mutant | -4/Factory Hacker-Mutant | -4/DSF Hacker-Mutant | -3/Research Resources | -11 -10 -9 -9 -8 -7 -6 -5 -4 -4 -3 ----------- Run | Yrd Mat Mat Min Mat Fac Fac Fac Fac DSF Res Matter Collected 464 | 230 . . 79 26 80 41 . . 1 7 Remotely . | . . . . . . . . . . . Salvage Created 209 | . 32 . . . 131 46 . . . . Parts 15 | . 10 . . . 4 1 . . . . Haulers Intercepted . | . . . . . . . . . . . Recyclers Shooed . | . . . . . . . . . . . Parts Field Recycled . | . . . . . . . . . . . Retrieved Matter . | . . . . . . . . . . . Parts Self-Destructed . | . . . . . . . . . . . Prevented . | . . . . . . . . . . . Kills | -11 -10 -9 -9 -8 -7 -6 -5 -4 -4 -3 ------- Run | Yrd Mat Mat Min Mat Fac Fac Fac Fac DSF Res Combat Hostiles Destroyed 7 | . 3 . . . 3 1 . . . . Cannons 4 | . . . . . 3 1 . . . . AOE 3 | . 3 . . . . . . . . . Classes Destroyed 4 | . 2 . . . 1 1 . . . . Recycler 1 | . . . . . 1 . . . . . Operator 1 | . 1 . . . . . . . . . Swarmer 6 | . 3 . . . 3 . . . . . Programmer 1 | . . . . . . 1 . . . . Best Kill Streak 4 | . 4 . . . 4 1 . . . . Combat Bots Only 3 | . 3 . . . 3 1 . . . . Max Kills in Single Turn 3 | . 3 . . . 1 1 . . . . Gunslinging . | . . . . . . . . . . . Exploded 2 | . 2 . . . . . . . . . Melee . | . . . . . . . . . . . Uniques/NPCs Destroyed . | . . . . . . . . . . . Combat | -11 -10 -9 -9 -8 -7 -6 -5 -4 -4 -3 -------- Run | Yrd Mat Mat Min Mat Fac Fac Fac Fac DSF Res Hostile Shots Fired 255 | . 30 24 . 17 30 37 6 . 9 102 Missed 109 | . 8 13 . 10 11 22 4 . 2 39 Hits 146 | . 22 11 . 7 19 15 2 . 7 63 Melee 6 | . . . . . . . . . . 6 Projectile 140 | . 22 11 . 7 19 15 2 . 7 57 Critical Strikes 5 | . . . . . . . 1 . 1 3 Damage Taken 3466 | . 254 95 . 218 410 341 38 . 440 1670 Core 2277 | . 104 79 . 38 220 172 18 . 328 1318 Absorbed by Shields 41 | . . . . . . . . . 41 . Regen/Repaired (Parts) 17 | . . . . . . 17 . . . . Core Remaining (%) 80 | 100 58 . 80 93 68 79 98 . 71 . Volleys Fired 23 | . 3 . . . 13 6 . . . 1 Largest 1 | . 1 . . . 1 1 . . . 1 Hottest 85 | . 30 . . . 56 85 . . . 7 Shots Fired 23 | . 3 . . . 13 6 . . . 1 Gun . | . . . . . . . . . . . Cannon 19 | . . . . . 13 6 . . . . Launcher 3 | . 3 . . . . . . . . . Special 1 | . . . . . . . . . . 1 Kinetic 7 | . . . . . 7 . . . . . Thermal 6 | . . . . . . 6 . . . . Explosive 3 | . 3 . . . . . . . . . Electromagnetic 6 | . . . . . 6 . . . . . Robot Hit Streak 3 | . 2 . . . 3 3 . . . 2 Robot Miss Streak 3 | . 1 . . . 3 1 . . . . Penetration Max . | . . . . . . . . . . . Secondary Targets . | . . . . . . . . . . . Shots Hit Robots 21 | . 8 2 . . 6 4 . . . 1 Core Hits 14 | . 4 . . 1 4 1 . . . 4 Critical Kills . | . . . . . . . . . . . Critical Parts Destroyed . | . . . . . . . . . . . Critical Strikes 1 | . . . . . 1 . . . . . Blast 1 | . . . . . 1 . . . . . Melee Attacks 11 | . 9 2 . . . . . . . . Impact . | . . . . . . . . . . . Slashing . | . . . . . . . . . . . Piercing . | . . . . . . . . . . . Sneak Attacks 5 | . 3 2 . . . . . . . . Combat Hostiles . | . . . . . . . . . . . Follow-up Attacks . | . . . . . . . . . . . Damage Inflicted 552 | . 169 . . 1 183 148 . . . 51 Guns . | . . . . . . . . . . . Cannons 295 | . . . . . 147 148 . . . . Explosions 169 | . 169 . . . . . . . . . Melee . | . . . . . . . . . . . Ramming 88 | . . . . 1 36 . . . . 51 Kinetic 109 | . . . . . 109 . . . . . Thermal 148 | . . . . . . 148 . . . . Explosive 169 | . 169 . . . . . . . . . Electromagnetic 38 | . . . . . 38 . . . . . Impact . | . . . . . . . . . . . Slashing . | . . . . . . . . . . . Piercing . | . . . . . . . . . . . Highest Corruption 18 | . 1 . . . . 1 . . . 18 Average Corruption 8 | . 1 . . . . 1 . . . 17 Corruption Purged . | . . . . . . . . . . . Corruption Blocked . | . . . . . . . . . . . Effects 11 | . . . . . . 1 . . . 10 Message Errors 2 | . . . . . . . . . . 2 Heat Flow Errors 2 | . . . . . . 1 . . . 1 Energy Discharges 1 | . . . . . . . . . . 1 Data Loss (minor) 2 | . . . . . . . . . . 2 Misdirections 4 | . . . . . . . . . . 4 Overload Shots . | . . . . . . . . . . . Overflow Damage 56 | . 5 . . . . 51 . . . . Projectiles 51 | . . . . . . 51 . . . . Explosions 5 | . 5 . . . . . . . . . Melee . | . . . . . . . . . . . Knockbacks 1 | . . . . . 1 . . . . . Impact 1 | . . . . . 1 . . . . . Kinetic . | . . . . . . . . . . . Secondary . | . . . . . . . . . . . Self-Inflicted Damage 94 | . 54 . . . 17 . . . . 23 Shots 2 | . 2 . . . . . . . . . Rammed 15 | . . . . 1 5 . . . . 9 Targets Rammed 15 | . . . . 1 5 . . . . 9 Kicked . | . . . . . . . . . . . Crushed . | . . . . . . . . . . . Highest Temperature 273 | . . . . . . 273 . . . 107 Average Temperature 69 | . . . . . . 70 . . . 61 Received Heat Transfer 189 | . 54 9 . . . 18 36 . . 72 Siege Activations . | . . . . . . . . . . . Martial Activations . | . . . . . . . . . . . Shielding Activations . | . . . . . . . . . . . Robots Disrupted . | . . . . . . . . . . . Combat Hostiles . | . . . . . . . . . . . Robots Corrupted . | . . . . . . . . . . . Combat Hostiles . | . . . . . . . . . . . Parts Fried . | . . . . . . . . . . . Impact Corruptions . | . . . . . . . . . . . Robots Melted . | . . . . . . . . . . . Combat Hostiles . | . . . . . . . . . . . Parts Melted . | . . . . . . . . . . . Heat Transferred 148 | . . . . . . 148 . . . . Parts Sabotaged . | . . . . . . . . . . . Parts Stolen . | . . . . . . . . . . . Parts Stripped . | . . . . . . . . . . . Power Chain Reactions . | . . . . . . . . . . . Alert | -11 -10 -9 -9 -8 -7 -6 -5 -4 -4 -3 ------- Run | Yrd Mat Mat Min Mat Fac Fac Fac Fac DSF Res Maximum Alert Level . | . . . . . . . . . . . Low Security (%) 100 | 100 100 100 100 100 100 100 100 100 100 100 Level 1 . | . . . . . . . . . . . Level 2 . | . . . . . . . . . . . Level 3 . | . . . . . . . . . . . Level 4 . | . . . . . . . . . . . Level 5 . | . . . . . . . . . . . High Security . | . . . . . . . . . . . Max Security . | . . . . . . . . . . . Peak Influence 90 | . 90 37 15 35 85 55 17 15 . 55 Initial 37 | . . 37 . . . 29 17 2 . . Average 10 | . 41 25 1 9 13 12 3 2 . 8 Influence Increases 602 | . 130 . 15 74 105 146 30 15 . 87 Destroy 0b10 Robot/C 140 | . 60 . . . 60 20 . . . . Destroy 0b10 Robot/NC 10 | . 5 . . . 5 . . . . . Destroy Leader 30 | . 10 . . . 10 10 . . . . Successful Hack 94 | . 12 . . 14 . 56 . . . 12 Disable Machine 30 | . . . . . 15 15 . . . . Destroy Structure 13 | . 13 . . . . . . . . . Partial Spotted 45 | . . . 15 . . . 15 15 . . Lose Combat Pursuer 240 | . 30 . . 60 15 45 15 . . 75 Influence Decreases 577 | . 40 90 15 74 45 169 62 20 . 62 Entered New Map 107 | . . 53 . . . 31 20 3 . . Time Decay 349 | . 30 27 15 30 35 111 42 17 . 42 Lost Part 121 | . 10 10 . 44 10 27 . . . 20 Squads Dispatched 14 | . 2 . . 2 2 5 1 . . 2 Investigation 2 | . 1 . . . . 1 . . . . Extermination 3 | . . . . . 1 2 . . . . Reinforcement 9 | . 1 . . 2 1 2 1 . . 2 Assault . | . . . . . . . . . . . Garrison . | . . . . . . . . . . . Intercept . | . . . . . . . . . . . Searches Triggered . | . . . . . . . . . . . Construction Impeded 1 | . . . . . 1 . . . . . Haulers Reinforced . | . . . . . . . . . . . Active Scanning Responses . | . . . . . . . . . . . Cargo Convoy Interrupts . | . . . . . . . . . . . Stealth | -11 -10 -9 -9 -8 -7 -6 -5 -4 -4 -3 --------- Run | Yrd Mat Mat Min Mat Fac Fac Fac Fac DSF Res Distress Signals 4 | . . . . 3 . . 1 . . . Communications Jammed . | . . . . . . . . . . . Distress Signals . | . . . . . . . . . . . Times Spotted 79 | . 7 8 . 10 8 12 8 1 1 24 Peak Tracking Total 15 | . 3 8 . 8 4 6 5 1 1 15 Tactical Retreats 9 | . 1 . . 2 1 1 1 . . 3 Traps | -11 -10 -9 -9 -8 -7 -6 -5 -4 -4 -3 ------- Run | Yrd Mat Mat Min Mat Fac Fac Fac Fac DSF Res Traps Triggered 6 | . 1 . . . 1 1 . . 1 2 Indirectly . | . . . . . . . . . . . Trap Hack Attempts . | . . . . . . . . . . . Triggered . | . . . . . . . . . . . Disarmed . | . . . . . . . . . . . Reprogrammed . | . . . . . . . . . . . Reused . | . . . . . . . . . . . Traps Extracted . | . . . . . . . . . . . Installed . | . . . . . . . . . . . Triggered . | . . . . . . . . . . . Machines | -11 -10 -9 -9 -8 -7 -6 -5 -4 -4 -3 ---------- Run | Yrd Mat Mat Min Mat Fac Fac Fac Fac DSF Res Machines Disabled 2 | . . . . . 1 1 . . . . Max in Single Turn 1 | . . . . . 1 1 . . . . Machines Repaired . | . . . . . . . . . . . Machines Dismantled . | . . . . . . . . . . . Machines Sabotaged . | . . . . . . . . . . . Overloaded Fab Kills . | . . . . . . . . . . . Hacking | -11 -10 -9 -9 -8 -7 -6 -5 -4 -4 -3 --------- Run | Yrd Mat Mat Min Mat Fac Fac Fac Fac DSF Res Machines Accessed 18 | . 2 1 . 1 . 5 4 3 . 2 Terminals 13 | . 2 1 . 1 . 2 4 1 . 2 Fabricators 2 | . . . . . . 1 . 1 . . Repair Stations 2 | . . . . . . 1 . 1 . . Recycling Units 1 | . . . . . . 1 . . . . Scanalyzers . | . . . . . . . . . . . Garrison Access . | . . . . . . . . . . . Total Hacks 32 | . 4 1 . 1 . 9 9 5 . 3 Successful 17 | . 3 . . 1 . 7 3 2 . 1 Failed 15 | . 1 1 . . . 2 6 3 . 2 Catastrophic 4 | . 1 1 . . . 1 . . . 1 Database Lockouts . | . . . . . . . . . . . Manual 1 | . . . . 1 . . . . . . Terminals 24 | . 4 1 . 1 . 4 9 2 . 3 Fabricators 2 | . . . . . . 1 . 1 . . Repair Stations 5 | . . . . . . 3 . 2 . . Recycling Units 1 | . . . . . . 1 . . . . Scanalyzers . | . . . . . . . . . . . Garrison Access . | . . . . . . . . . . . Terminal Hacks 12 | . 3 . . 1 . 3 3 1 . 1 Record 1 | . 1 . . . . . . . . . Open DSF 1 | . . . . . . . . 1 . . Branch Access Points 1 | . . . . . . . 1 . . . Terminal Index 1 | . . . . . . . . . . 1 Alert Level 1 | . . . . . . 1 . . . . Recall Investigation 2 | . 1 . . . . 1 . . . . Recall Extermination 1 | . . . . . . . 1 . . . Hauler Manifests 1 | . 1 . . . . . . . . . Zone Layout 3 | . . . . 1 . 1 1 . . . Fabricator Hacks 2 | . . . . . . 1 . 1 . . Network Status 2 | . . . . . . 1 . 1 . . Repair Station Hacks 2 | . . . . . . 2 . . . . Scan Component 1 | . . . . . . 1 . . . . Repair 1 | . . . . . . 1 . . . . Recycling Unit Hacks 1 | . . . . . . 1 . . . . Retrieve Components 1 | . . . . . . 1 . . . . Scanalyzer . | . . . . . . . . . . . Garrison Access Hacks . | . . . . . . . . . . . Unauthorized Hacks . | . . . . . . . . . . . Terminals . | . . . . . . . . . . . Fabricators . | . . . . . . . . . . . Repair Stations . | . . . . . . . . . . . Recycling Units . | . . . . . . . . . . . Scanalyzers . | . . . . . . . . . . . Garrison Access . | . . . . . . . . . . . Data Cores Recovered . | . . . . . . . . . . . Used . | . . . . . . . . . . . Hacking Detections 12 | . 1 1 . 1 . 3 3 1 . 2 Full Trace Events 2 | . 1 . . . . 1 . . . . Feedback Events . | . . . . . . . . . . . Feedback Blocked . | . . . . . . . . . . . Robot Schematics Acquired . | . . . . . . . . . . . Robots Built . | . . . . . . . . . . . Authchips . | . . . . . . . . . . . Time . | . . . . . . . . . . . Total Robot Build Rating . | . . . . . . . . . . . Part Schematics Acquired . | . . . . . . . . . . . Parts Built . | . . . . . . . . . . . Authchips . | . . . . . . . . . . . Time . | . . . . . . . . . . . Total Part Build Rating . | . . . . . . . . . . . Parts Repaired 1 | . . . . . . 1 . . . . Time 19 | . . . . . . 19 . . . . Parts Recycled . | . . . . . . . . . . . Recycled Matter . | . . . . . . . . . . . Retrieved Matter . | . . . . . . . . . . . Retrieved Components 2 | . . . . . . 2 . . . . Parts Scanalyzed . | . . . . . . . . . . . Part Schematics Acquired . | . . . . . . . . . . . Parts Damaged . | . . . . . . . . . . . Bothacking | -11 -10 -9 -9 -8 -7 -6 -5 -4 -4 -3 ------------ Run | Yrd Mat Mat Min Mat Fac Fac Fac Fac DSF Res Used RIF Installer . | . . . . . . . . . . . Robots Hacked 5 | . 3 1 . . . . . . . 1 Non-combat 3 | . 1 1 . . . . . . . 1 Combat 2 | . 2 . . . . . . . . . Robot Hacks Applied 7 | . 5 1 . . . . . . . 1 parse_system 5 | . 4 . . . . . . . . 1 no_distress 2 | . 1 1 . . . . . . . . Relay Couplers Released . | . . . . . . . . . . . Fabnet Peak Effective % . | . . . . . . . . . . . Robots Rewired . | . . . . . . . . . . . Allies Hacked . | . . . . . . . . . . . Hacks Repelled . | . . . . . . . . . . . Allies | -11 -10 -9 -9 -8 -7 -6 -5 -4 -4 -3 -------- Run | Yrd Mat Mat Min Mat Fac Fac Fac Fac DSF Res Total Allies 2 | . . . 2 . . . . . . . Largest Group 2 | . . . 2 . . . . . . . Highest-Rated Group 65 | . . . 65 . . . . . . . Highest-Rated Ally 34 | . . . 34 . . . . . . . Total Orders . | . . . . . . . . . . . Ally Attacks . | . . . . . . . . . . . Total Damage . | . . . . . . . . . . . Kills . | . . . . . . . . . . . Allies Corrupted . | . . . . . . . . . . . Allies Melted . | . . . . . . . . . . . Intel | -11 -10 -9 -9 -8 -7 -6 -5 -4 -4 -3 ------- Run | Yrd Mat Mat Min Mat Fac Fac Fac Fac DSF Res Active Infowar (turns) 1629 | . 59 61 101 74 205 462 220 124 53 270 Sensors 19 | . . . . . . . . . . 19 Terrain 1514 | . . 57 101 74 205 462 220 124 52 219 Structural 294 | . 59 61 101 73 . . . . . . Triangulation 651 | . . . . . . 3 220 124 53 251 Robot Analysis Total . | . . . . . . . . . . . Derelict Logs Recovered 2 | . . . 2 . . . . . . . Drone Launches . | . . . . . . . . . . . Drone Recoveries . | . . . . . . . . . . . Exploration | -11 -10 -9 -9 -8 -7 -6 -5 -4 -4 -3 ------------- Run | Yrd Mat Mat Min Mat Fac Fac Fac Fac DSF Res Turns Passed 1890 | 32 94 61 101 74 211 553 220 124 53 367 Spaces Moved 2399 | 39 111 90 243 141 323 450 218 286 80 418 Core 315 | 16 . . . . 2 . . . 27 270 Treads . | . . . . . . . . . . . Legs . | . . . . . . . . . . . Wheels 59 | 23 36 . . . . . . . . . Hover 350 | . . . . 89 241 . 2 . . 18 Flight 1675 | . 75 90 243 52 80 450 216 286 53 130 Fastest Speed 29 | 50 40 40 40 40 35 29 40 39 40 45 Average Speed 44 | 67 52 40 40 46 46 38 40 39 44 50 Slowest Speed 195 | 80 80 40 40 51 50 195 70 40 50 100 Overloaded Moves . | . . . . . . . . . . . Propulsion Burnouts . | . . . . . . . . . . . Robots Hopped 19 | . 1 . 3 1 . 5 8 . . 1 Potential Cave-ins . | . . . . . . . . . . . Cave-ins Triggered . | . . . . . . . . . . . Exploration Rate (%) 25 | 3 31 16 68 24 11 16 12 8 70 17 Regions Visited 10 Branch Regions 1 Pre-discovered Areas 2 | . . . 2 . . . . . . . Known Exits Taken 1 | . . . . . . . . 1 . . Unknown Exits Taken 8 | 1 1 1 1 1 1 1 1 . . . Scrap Searched 2 | . . . 2 . . . . . . . Spaces Dug . | . . . . . . . . . . . Terrain Destroyed 12 | . 12 . . . . . . . . . Melee . | . . . . . . . . . . . Projectile . | . . . . . . . . . . . AOE 12 | . 12 . . . . . . . . . Terrain Rammed . | . . . . . . . . . . . Walls Destroyed . | . . . . . . . . . . . Machines Disabled . | . . . . . . . . . . . Actions | -11 -10 -9 -9 -8 -7 -6 -5 -4 -4 -3 --------- Run | Yrd Mat Mat Min Mat Fac Fac Fac Fac DSF Res Total 3171 | 44 137 114 243 146 369 816 341 295 95 571 Wait 648 | . . 18 . . 15 347 122 6 1 139 Move 2353 | 38 108 89 236 138 322 439 203 285 79 416 Hop 17 | . 1 . 3 1 . 5 6 . . 1 Pick Up 35 | 3 6 2 2 1 6 7 4 1 1 2 Fast Attach 11 | . . . . 2 2 3 1 1 1 1 Attach 33 | 3 5 1 1 3 4 7 4 1 3 1 Detach 5 | . 3 . 1 . . . 1 . . . Swap 4 | . 2 . . . 1 1 . . . . Drop 5 | . . 2 . . 1 1 . 1 . . Fire 23 | . 3 . . . 13 6 . . . 1 Melee 11 | . 9 2 . . . . . . . . Ram 16 | . . . . 1 5 . . . . 10 Kick . | . . . . . . . . . . . Crush . | . . . . . . . . . . . Escape Stasis 10 | . . . . . . . . . 10 . Rewire . | . . . . . . . . . . . Trap . | . . . . . . . . . . . Miscellaneous . | . . . . . . . . . . . Route ------- -11/Scrapyard -10/Materials -9/Materials -9/Mines -8/Materials -7/Factory (discovered 2 exits: *Fac / [*Low]) -6/Factory (discovered 2 exits: *Fac / [Low]) -5/Factory (discovered 3 exits: *Fac / Upp x2) -4/Factory (discovered 2 exits: [*Upp] / DSF) -4/DSF -3/Research History --------- Turn | Location | Event 4 | -11/Scrapyard | Discovered new exit (range 15) 33 | -11/Scrapyard | Entered Materials 116 | -10/Materials | Discovered new exit (range 16) 127 | -10/Materials | Entered another Materials area 127 | -9/Materials | Evolved 2 slots: Propulsion x1, Utility x1 182 | -9/Materials | Discovered new exit (range 16) 188 | -9/Materials | Entered Mines 274 | -9/Mines | Learned location of Storage (-7) 278 | -9/Mines | Discovered new exit (range 14) 289 | -9/Mines | Entered Materials 289 | -8/Materials | Evolved 2 slots: Propulsion x1, Utility x1 359 | -8/Materials | Discovered new exit (range 5) 363 | -8/Materials | Entered Factory 363 | -7/Factory | Evolved 2 slots: Power x1, Utility x1 393 | -7/Factory | Lost 6 parts (2p2n2u) 567 | -7/Factory | Discovered new exit (range 10) 570 | -7/Factory | Discovered new exit (range 10) 574 | -7/Factory | Lost 3 parts (1n2w) 574 | -7/Factory | Entered another Factory area 574 | -6/Factory | Evolved 2 slots: Propulsion x1, Utility x1 609 | -6/Factory | Repaired Imp. Terrain Scanner 650 | -6/Factory | Build established: Mutant 1057 | -6/Factory | Spotted B-75 Beast 1117 | -6/Factory | Discovered new exit (range 15) 1126 | -6/Factory | Discovered new exit (range 13) 1127 | -6/Factory | Entered another Factory area 1127 | -5/Factory | Evolved 2 slots: Propulsion x1, Utility x1 1131 | -5/Factory | Lost 3 parts (2n1u) 1279 | -5/Factory | Identified exit to Upper Caves 1314 | -5/Factory | Noticed a derelict Sapper rigging charges 1338 | -5/Factory | Discovered new exit (range 16) 1340 | -5/Factory | Build established: Hacker-Mutant 1347 | -5/Factory | Entered another Factory area 1347 | -4/Factory | Evolved 2 slots: Propulsion x1, Utility x1 1441 | -4/Factory | Discovered new exit (range 4) 1471 | -4/Factory | Identified exit to DSF 1471 | -4/Factory | Entered DSF 1499 | -4/DSF | Additional patrols routed to DSF 1508 | -4/DSF | Discovered new exit (range 16) 1524 | -4/DSF | Entered Research 1524 | -3/Research | Evolved 2 slots: Propulsion x1, Utility x1 1533 | -3/Research | Lost 8 parts (6n2u) 1776 | -3/Research | System corruption reached 10% 1808 | -3/Research | Lost 9 parts (2n6u1w) 1822 | -3/Research | Spotted B-86 Titan 1824 | -3/Research | Core integrity fell below 50% 1861 | -3/Research | Core integrity fell below 20% 1891 | -3/Research | Destroyed by S-43 Plague with Heavy Machine Gun Last Messages --------------- Acquired Adv. Sensor Array. Acquired Adv. Signal Interpreter. G /FVIGACTC#Q